 Dungeon Sprint DCSS version 0.23-a0-189-gc87c613 (webtiles) character file.

439 Felrender the Carver (level 6, -4/67 HPs)
             Began as a Minotaur Berserker on Sept 23, 2018.
             Was an Elder of Trog.
             Slain by an unseen horror (6 damage)
             ... in the Dungeon (Sprint IX: "|||||||||||||||||||||||||||||").
             The game lasted 00:01:26 (326 turns).

Felrender the Carver (Minotaur Berserker)            Turns: 326, Time: 00:01:27

Health: -4/67      AC: 12    Str: 23    XL:     6   Next: 70%
Magic:  5/5        EV: 13    Int:  4    God:    Trog [****..]
Gold:   0          SH:  0    Dex: 13    Spells: 5/5 levels left

rFire    . . .     SeeInvis .   n - +4 quarterstaff (speed)
rCold    . . .     Gourm    .   (shield currently unavailable)
rNeg     . . .     Faith    .   p - +1 chain mail
rPois    .         Spirit   .   (helmet restricted)
rElec    .         Reflect  .   (no cloak)
rCorr    .         Harm     .   (no gloves)
MR       .....     NoTele   +   o - +0 pair of boots
Stlth    ..........             (no amulet)
HPRegen  0.21/turn              q - +3 ring of dexterity
MPRegen  0.09/turn              r - +2 ring of evasion

@: berserk cooldown, slowed, very slow
A: retaliatory headbutt, horns 2
a: Berserk, Trog's Hand, Brothers in Arms, Renounce Religion


You were in the Dungeon.
You worshipped Trog.
Trog was greatly pleased with you.
You were not hungry.

You visited 1 branch

Inventory:

Hand Weapons
 a - a +0 falchion
 m - the +2 scimitar of Inflation {vamp, *Noise rElec rC+}
   (You found it in the Dungeon)

   It inflicts no extra harm, but heals its wielder when it wounds a living foe.
   It protects you from cold.
   It insulates you from electricity.
   It may make noises in combat.
 n - a +4 quarterstaff of speed (weapon)
Armour
 b - a +0 animal skin
 o - a +0 pair of boots (worn)
 p - a +1 chain mail (worn)
Jewellery
 q - a +3 ring of dexterity (left hand)
 r - a +2 ring of evasion (right hand)
Wands
 d - a wand of acid (10)
Scrolls
 i - 2 scrolls of blinking
 l - 3 scrolls of remove curse
Potions
 e - a potion of invisibility
 f - a potion of haste
 g - 4 potions of magic
 h - a potion of berserk rage
 j - 2 potions of heal wounds
 k - 4 potions of curing
Comestibles
 c - a ration


   Skills:
 + Level 10.6 Fighting
 + Level 11.3 Long Blades
 + Level 3.0 Staves
 + Level 6.3 Armour
 + Level 5.5 Dodging
 + Level 0.4 Stealth


You had 5 spell levels left.
You didn't know any spells.
Your spell library was empty.

Dungeon Overview and Level Annotations

Branches:
Dungeon (1/1)

Altars:
Cheibriados
Dithmenos
Elyvilon
Fedhas
Gozag
Hepliaklqana
Kikubaaqudgha
Makhleb
Nemelex Xobeh
Okawaru
Qazlal
Ru
Sif Muna
Trog
Uskayaw
Vehumet
Wu Jian
Xom
Yredelemnul
Zin
The Shining One
Beogh
Jiyva
Lugonu


Innate Abilities, Weirdness & Mutations

You reflexively headbutt those who attack you in melee.
You have a pair of horns on your head.


Message History

You feel yourself slow down. Something hits you.
You start resting.
Something barely misses you. Something hits you.
You start resting.
Something hits you. Something hits you but does no damage.
You start resting.
Something hits you. x2
* * * LOW HITPOINT WARNING * * *
Something hits you but does no damage.
You start resting.
Something hits you.
* * * LOW HITPOINT WARNING * * *
You start resting.
Something hits you but does no damage. Something hits you.
* * * LOW HITPOINT WARNING * * *
Something hits you but does no damage. Something hits you.
* * * LOW HITPOINT WARNING * * *
Something hits you!
* * * LOW HITPOINT WARNING * * *
Something hits you.
* * * LOW HITPOINT WARNING * * *
You hit something. You headbutt something. Something barely misses you.
Something hits you but does no damage. Something hits you.
You die...

▓.▓
▓.▓
▓.▓
▓.▓
▓.▓
▓.▓
▓†▓
▓.▓
▓@▓
▓.▓
▓.▓
▓[▓
▓)▓
▓|▓
▓?▓
▓.▓
▓'▓


There were no monsters in sight!

Vanquished Creatures
  A wyvern (D)
  A phantom (D)
  A centaur (D)
  A bullfrog (D)
  2 worker ants (D)
  A gnoll (D)
  An adder zombie (D)
  An orc (D)
  A bat (D)
  A giant cockroach (D)
  A hobgoblin (D)
  A quokka (D)
  A kobold (D)
  A rat (D)
15 creatures vanquished.

Notes
Turn   | Place    | Note
-------+----------+-------------------------------------------
     0 | D        | Felrender the Minotaur Berserker began the quest for the
                  | Orb.
     0 | D        | Reached XP level 1. HP: 19/19 MP: 0/0
    12 | D        | Reached skill level 4 in Long Blades
    12 | D        | Reached XP level 2. HP: 28/28 MP: 1/1
    14 | D        | Reached ** piety under Trog
    14 | D        | Reached skill level 5 in Fighting
    14 | D        | Reached skill level 5 in Long Blades
    22 | D        | Noticed a centaur
    26 | D        | Killed a centaur
    26 | D        | Reached skill level 7 in Long Blades
    26 | D        | Reached XP level 3. HP: 14/39 MP: 2/2
    26 | D        | Reached XP level 4. HP: 17/47 MP: 3/3
    29 | D        | Reached *** piety under Trog
    29 | D        | Reached skill level 8 in Long Blades
    31 | D        | Reached XP level 5. HP: 19/55 MP: 4/4
   229 | D        | Found a roughly hewn altar of Beogh.
   229 | D        | Found a snail-covered altar of Cheibriados.
   229 | D        | Found a shadowy altar of Dithmenos.
   229 | D        | Found a white marble altar of Elyvilon.
   229 | D        | Found a blossoming altar of Fedhas.
   229 | D        | Found an opulent altar of Gozag.
   230 | D        | Found a hazy altar of Hepliaklqana.
   231 | D        | Found a viscous altar of Jiyva.
   232 | D        | Found an ancient bone altar of Kikubaaqudgha.
   233 | D        | Found a corrupted altar of Lugonu.
   234 | D        | Found a burning altar of Makhleb.
   235 | D        | Found a sparkling altar of Nemelex Xobeh.
   236 | D        | Found an iron altar of Okawaru.
   237 | D        | Found a stormy altar of Qazlal.
   238 | D        | Found a sacrificial altar of Ru.
   239 | D        | Found a deep blue altar of Sif Muna.
   240 | D        | Found a bloodstained altar of Trog.
   241 | D        | Found a hide-covered altar of Uskayaw.
   242 | D        | Found a radiant altar of Vehumet.
   243 | D        | Found an ornate altar of the Wu Jian Council.
   244 | D        | Found a shimmering altar of Xom.
   245 | D        | Found a basalt altar of Yredelemnul.
   246 | D        | Found a glowing silver altar of Zin.
   247 | D        | Found a glowing golden altar of the Shining One.
   264 | D        | Got the +2 scimitar of Inflation {vamp, *Noise rElec rC+}
   297 | D        | Noticed a phantom
   297 | D        | Noticed a wyvern
   299 | D        | Reached **** piety under Trog
   304 | D        | Killed a wyvern
   304 | D        | Reached skill level 10 in Long Blades
   304 | D        | Reached skill level 1 in Staves
   304 | D        | Reached skill level 5 in Armour
   304 | D        | Reached XP level 6. HP: 60/66 MP: 5/5
   309 | D        | Reached skill level 10 in Fighting
   309 | D        | Reached skill level 5 in Dodging
   315 | D        | Reached skill level 11 in Long Blades
   324 | D        | HP: 2/67 [something (7)]
   326 | D        | Slain by an unseen horror

Vault maps used:
D:        linesprint

Skill      XL: |  1  2  3  4  5  6 |
---------------+-------------------+-----
Fighting       | 4 7 8 9 10 | 10.6
Long Blades    | 4 7 8 10 11 | 11.3
Armour         | 3 4 5 6 |  6.3
Dodging        | 3 4 5 |  5.5
Staves         | 1 3 |  3.0
Stealth        | |  0.4

Action                   |  1- 3 |  4- 6 || total
-------------------------+-------+-------++-------
Melee: Falchion          |    13 |     4 ||    17
       Headbutt          |     4 |     3 ||     7
       Quarterstaff      |       |    15 ||    15
Invok: Berserk           |     1 |     1 ||     2
  Use: Potion            |     1 |     1 ||     2
Armor: Chain mail        |       |    10 ||    10
Dodge: Dodged            |     7 |    14 ||    21
       Rpst.: Falchion   |     3 |       ||     3

Table legend:
 A = Non-vault XP
 B = Vault XP
 C = Vault XP percentage of total XP
 D = Non-vault monster count
 E = Vault monster count
 F = Vault count percentage of total count
                 A         B        C        D         E       F
            +---------+---------+-------+---------+---------+-------
      Total |       0 |     628 | 100.0 |       0 |      15 | 100.0
            +---------+---------+-------+---------+---------+-------
          D |       0 |     628 | 100.0 |       0 |      15 | 100.0
            +---------+---------+-------+---------+---------+-------
